 Dungeon Crawl Stone Soup version 0.20-a0-920-gb18bc0f (webtiles) character file.

239 esteth the Ruffian (level 5, -9/49 HPs)
             Began as a Troll Monk on Mar 25, 2017.
             Was a Believer of Ru.
             Splashed by Ijyb's acid (13 damage)
             ... on level 3 of the Dungeon.
             The game lasted 00:04:01 (1474 turns).

esteth the Ruffian (Troll Monk)                     Turns: 1474, Time: 00:04:01

Health: -9/49      AC: -3    Str: 19    XL:     5   Next: 79%
Magic:  4/4        EV: 10    Int:  6    God:    Ru [**....]
Gold:   180        SH:  0    Dex: 13    Spells: 4/4 levels left

rFire    . . .     SeeInvis .     - Unarmed
rCold    . . .     Gourm    +   (no shield)
rNeg     . . .     Faith    .   a - +0 robe
rPois    .         Spirit   .   (helmet restricted)
rElec    .         Reflect  .   (no cloak)
rCorr    .         Harm     .   (gloves unavailable)
MR       .....                  (boots unavailable)
Stlth    ++........             (no amulet)
Regen    0.6/turn               (no ring)
MPRegen  0.1/turn               (no ring)

@: corroded
A: unfitting armour, claws 3, fast metabolism 3, gourmand, regeneration 1,
shaggy fur 1, tough skin 2, unskilled 1
a: Renounce Religion


You were on level 3 of the Dungeon.
You worshipped Ru.
Ru was pleased with you.
You were completely stuffed.

You visited 1 branch of the dungeon, and saw 3 of its levels.

You collected 180 gold pieces.

Inventory:

Armour
 a - a +0 robe (worn)
Scrolls
 d - 4 scrolls of identify
 e - a scroll of magic mapping {unknown}
 f - a scroll of recharging {unknown}
 j - 2 scrolls of teleportation {unknown}
 k - a scroll of noise {unknown}
Potions
 h - a potion of brilliance {unknown}
Comestibles
 b - 4 bread rations
 c - 3 royal jellies
 g - a meat ration
 i - 3 chunks of flesh


   Skills:
 - Level 2.1 Fighting
 - Level 2.1 Dodging
 - Level 0.9 Stealth
 + Level 6.0 Unarmed Combat


You had 4 spell levels left.
You didn't know any spells.

Dungeon Overview and Level Annotations

Branches:
Dungeon (3/15)

Altars:
Ru
The Shining One

Annotations:
D:3 Ijyb


Innate Abilities, Weirdness & Mutations

You are too large for most types of armour.
You have claws for hands.
Your metabolism is lightning-fast.
You like to eat raw meat.
Your natural rate of healing is unusually fast.
You are covered in fur. (AC +1)
You have very tough skin. (AC +2)
You are somewhat unskilled. (-1 Apt)


Message History

You barely miss Ijyb. Ijyb hits you with a dagger.
You scratch Ijyb but do no damage. Ijyb hits you with a dagger.
You barely miss Ijyb. Ijyb barely misses you.
You claw Ijyb!
Ijyb is heavily wounded.
Ijyb closely misses you.
You barely miss Ijyb.
Ijyb is heavily wounded.
Ijyb hits you but does no damage.
You scratch Ijyb.
Ijyb is severely wounded.
Ijyb zaps a wand.
The bolt of acid hits you! The acid corrodes you!
You are splashed with acid!
The acid burns!
* * * LOW HITPOINT WARNING * * *
It is a wand of acid (?/15).
You are too injured to fight recklessly!
Ijyb zaps a wand.
The bolt of acid hits you!
* * * LOW HITPOINT WARNING * * *
The acid corrodes you!
You are splashed with acid!
The acid burns!
You die...

#..# ...## #
#...##.# #
..(....# .#
#...###### #.##
..........
####...# ##.######
##..g.# #.#
#..##...#
#.#############@##
#.##
#...............#
...
#################
###


You could see Ijyb.

Vanquished Creatures
  Sigmund (D:3)
  An orc priest (D:3)
  Terence (D:2)
  A worm (D:3)
  2 dart slugs
  2 orcs (D:3)
  4 bats
  5 hobgoblins
  7 jackals (D:1)
  A frilled lizard (D:1)
  2 goblins
  4 kobolds
  5 rats
36 creatures vanquished.

Notes
Turn   | Place    | Note
-------+----------+-------------------------------------------
     0 | D:1      | esteth the Troll Monk began the quest for the Orb.
     0 | D:1      | Reached XP level 1. HP: 22/22 MP: 0/0
   220 | D:1      | Reached XP level 2. HP: 21/29 MP: 1/1
   351 | D:1      | Reached skill level 4 in Unarmed Combat
   680 | D:2      | Reached XP level 3. HP: 36/36 MP: 2/2
   725 | D:2      | Found a sacrificial altar of Ru.
   760 | D:2      | Became a worshipper of Ru the Awakened
   764 | D:2      | Gained mutation: You are somewhat unskilled. (-1 Apt) [Ru sacrifice]
   764 | D:2      | Reduced skill Unarmed Combat to level 3
   764 | D:2      | Reached * piety under Ru
   764 | D:2      | Reached ** piety under Ru
  1056 | D:2      | Noticed Terence
  1079 | D:2      | Killed Terence
  1079 | D:2      | Reached skill level 4 in Unarmed Combat
  1262 | D:3      | Noticed Sigmund
  1292 | D:3      | Killed Sigmund
  1292 | D:3      | Reached skill level 5 in Unarmed Combat
  1292 | D:3      | Reached XP level 4. HP: 39/42 MP: 3/3
  1292 | D:3      | Reached XP level 5. HP: 45/49 MP: 4/4
  1319 | D:3      | Found a glowing golden altar of the Shining One.
  1395 | D:3      | Reached skill level 6 in Unarmed Combat
  1464 | D:3      | Noticed Ijyb
  1474 | D:3      | Splashed by Ijyb's acid

Vault maps used:
D:1:      sevenhm_arrival_forest_fort_large_4, minmay_pentomino_t4
D:2:      nicolae_ru_awakened_eye, uniq_terence
D:3:      grunt_dithmenos_smoke, lemuel_crystal_altar, uniq_iyjb, uniq_sigmund

Skill      XL: |  1  2  3  4  5 |
---------------+----------------+-----
Unarmed Combat | 4 5 6 |  6.0
Stealth        | 0 |  0.9
Fighting       | |  2.1
Dodging        | |  2.1

Action                   |  1- 3 |  4- 6 || total
-------------------------+-------+-------++-------
Melee: Unarmed           |   118 |    27 ||   145
       Punch             |     1 |       ||     1
Invok: Sacrifice Skill   |     1 |       ||     1
  Use: Scroll            |     3 |       ||     3
       Potion            |     3 |       ||     3
 Stab: Sleeping          |     2 |     1 ||     3
       Invisible         |     1 |     1 ||     2
  Eat: Chunk             |    16 |     3 ||    19
Armor: Robe              |    41 |     3 ||    44
Dodge: Dodged            |    68 |     6 ||    74
